 Dungeon Crawl Stone Soup version 0.30.0-29-ga12c61a403 (webtiles) character file.

Game seed: 10201810114165404308

107 safid the Chiller (level 4, 0/34 HPs)
             Began as a Merfolk Ice Elementalist on June 16, 2023.
             Slain by a black bear (6 damage)
             ... on level 5 of the Dungeon.
             The game lasted 00:03:39 (2365 turns).

safid the Chiller (Merfolk Ice Elementalist)        Turns: 2365, Time: 00:03:40

Health: 0/34       AC:  3    Str:  8    XL:     4   Next: 86%
Magic:  8/8        EV: 12    Int: 16    God:
Gold:   72         SH:  0    Dex: 14    Spells: 2/9 levels left

rFire   . . .        c - +0 dagger
rCold   . . .        (no shield)
rNeg    . . .        a - +0 robe
rPois   .            (no helmet)
rElec   .            m - +0 cloak
rCorr   +            (no gloves)
SInv    .            (no boots)
Will    .....        (no amulet)
Stlth   ++           d - ring of resist corrosion
HPRegen 0.25/turn    (no ring)
MPRegen 0.11/turn

%: no passive effects
@: about to teleport
A: (nimble swimmer 2), mertail
a: no special abilities


You were on level 5 of the Dungeon.
You visited 1 branch of the dungeon, and saw 5 of its levels.

You collected 72 gold pieces.

Inventory:

Hand Weapons
 c - a +0 dagger (weapon)
Armour
 a - a +0 robe (worn)
 m - a +0 cloak (worn)
Jewellery
 d - a ring of resist corrosion (left hand)
Scrolls
 e - a scroll of fear {unknown}
 l - a scroll of acquirement
Potions
 b - a potion of cancellation {unknown}
 f - a potion of curing {unknown}
 g - 3 potions of heal wounds {unknown}
 h - 3 potions of mutation {unknown}


   Skills:
 + Level 2.5 Fighting
 - Level 2.6 Dodging
 - Level 2.1 Stealth
 + Level 3.0 Spellcasting
 + Level 5.2 Ice Magic


You had 2 spell levels left.
You knew the following spells:

 Your Spells              Type           Power      Damage    Failure   Level
a - Freeze                Ice            76%        1d8       2%          1
b - Frozen Ramparts       Ice            38%        1d6       7%          3
c - Ozocubu's Armour      Ice            19%        N/A       7%          3

Your spell library contained the following spells:

 Spells                   Type           Power      Damage    Failure   Level
 Summon Ice Beast         Ice/Summ       10%        N/A       54%         4


Dungeon Overview and Level Annotations

Branches:
Dungeon (6/15)
 Temple: D:4-7

Altars:
Trog


Innate Abilities, Weirdness & Mutations

((You are very nimble when in or above water. (Stealth+, EV+, Speed+++)))
Your lower body shifts to a powerful aquatic tail in water.


Message History

Unknown command.
The phantom attacks as you move away! The phantom hits you.
There is an open door here.
There is a stone staircase leading down here.
You barely miss the phantom. The phantom misses you.
You hit the phantom but do no damage. The phantom hits you.
The phantom blinks!
You blink.
Unknown command.
You hit the phantom.
The phantom is lightly damaged.
The phantom hits you.
The phantom blinks!
You blink.
Unknown command.
You barely miss the phantom.
The phantom is lightly damaged.
The black bear growls angrily.
The phantom barely misses you.
Unknown command.
As you read the scroll labelled OKUFEKL BAXOE, it crumbles to dust.
The creatures around you are filled with an inner flame!
It was a scroll of immolation.
The phantom barely misses you. The black bear misses you.
The black bear claws you. The black bear closely misses you.
Unknown command.
As you read the scroll labelled UXTIETT TOCIXZE, it crumbles to dust.
Your body is wracked with pain!
The black bear convulses!
Flame seeps out of the black bear.
It was a scroll of torment.
The phantom hits you but does no damage.
The black bear is engulfed in blazing flames.
Flame seeps out of the black bear.
The black bear goes berserk!
Unknown command.
This is a scroll of acquirement!
As you read the scroll labelled GEGIMU WOPAXI, it crumbles to dust.
You feel strangely unstable.
It was a scroll of teleportation.
The black bear is engulfed in blazing flames.
Flame seeps out of the black bear.
The black bear bites you.
* * * LOW HITPOINT WARNING * * *
The black bear claws you.
* * * LOW HITPOINT WARNING * * *
The black bear claws you.
You die...

.. ##.# ...#
#### ...#
#ยง.##...#
#...#...#
##.'#...#+
#####.....#####
#.W@h.........#
#......8$.....#
#.............#
#.###.....###
## +#...#..#
#...#...# #...#
.># #.... #
####.


You could see a black bear (berserk, inner flame) and a phantom (inner flame).

Vanquished Creatures
  4 gnolls (D:2)
  2 adders (D:2)
  A worm (D:2)
  A dart slug (D:1)
  4 endoplasms (D:1)
  3 goblins
  4 hobgoblins (D:1)
  3 jackals (D:1)
  6 kobolds
  A quokka (D:2)
  2 ball pythons
  4 bats (D:1)
  4 frilled lizards
  10 rats
49 creatures vanquished.

Notes
Turn   | Place    | Note
-------+----------+-------------------------------------------
     0 | D:1      | safid the Merfolk Ice Elementalist began the quest for the
                  | Orb.
     0 | D:1      | Reached XP level 1. HP: 13/13 MP: 3/3
   167 | D:1      | Reached XP level 2. HP: 15/20 MP: 5/5
   170 | D:1      | Reached skill level 1 in Fighting
   269 | D:1      | HP: 1/21 [hobgoblin (2)]
   504 | D:1      | Reached XP level 3. HP: 23/26 MP: 3/6
  1240 | D:1      | Learned a level 3 spell: Frozen Ramparts
  1244 | D:1      | Learned a level 3 spell: Ozocubu's Armour
  1279 | D:2      | Reached skill level 5 in Ice Magic
  1279 | D:2      | Reached XP level 4. HP: 8/33 MP: 1/8
  1546 | D:2      | Found a bloodstained altar of Trog.
  1860 | D:2      | Found a faded altar of an unknown god.
  2343 | D:3      | You fall into a shaft and drop 3 floors!
  2351 | D:5      | Entered Level 5 of the Dungeon
  2354 | D:5      | Noticed a black bear
  2355 | D:5      | Noticed a phantom
  2365 | D:5      | Identified a scroll of acquirement
  2365 | D:5      | Slain by a black bear

Illustrated notes

Levels and vault maps discovered:
D:1:      dpeg_arrival_erosion, layout_loops_ring, roderic_serpentine_path,
          grunt_decor_junction, serial_bayou_pond_b
D:2:      layout_basic, shapermc_ecumenical_altar_venn, basic_altar
D:3:      layout_loops_ring, serial_shops, nicolae_shop_stone
D:5:      minmay_angry_zag, layout_loops_cross, minmay_temple_entry_glass,
          chequers_serial_rivers_micro_c, kennysheep_decorative_pillar,
          grunt_ministairs_6, minmay_tree_intersection
D:6:      layout_loops_ring, uniq_crazy_yiuf_cottage

Skill      XL: |  1  2  3  4 |
---------------+-------------+-----
Fighting       | 1 2 |  2.5
Ice Magic      | 5 |  5.2
Spellcasting   | 3 |  3.0
Dodging        | |  2.6
Stealth        | |  2.1

Action                     |  1- 3 |  4- 6 || total
---------------------------+-------+-------++-------
  Melee: Dagger            |    61 |    20 ||    81
         Unarmed           |     7 |       ||     7
         Tailslap          |     1 |       ||     1
         Punch             |     1 |     1 ||     2
   Cast: Freeze            |    36 |    21 ||    57
         Frozen Ramparts   |     1 |       ||     1
    Use: Potion            |     1 |       ||     1
         Scroll            |       |     3 ||     3
   Stab: Sleeping          |     1 |     2 ||     3
 Armour: Robe              |    15 |     5 ||    20
  Dodge: Dodged            |    86 |    18 ||   104
